AoeStats
← GHK TiMbO

Highland

506301929Analyzed
4v4 RM · 20d ago on Sep 13, 2026· 53m 1s· 8 players
Game mode
Random Map
Map size
Large (8 player)
Population
200
Speed
Normal
Resources
Standard
Victory
Conquest
Starting age
Dark Age
Ending age
Imperial Age
RankedLock teamsTeams togetherTeam positionsShared explorationLock speedFull tech treeHidden civsTurbo modeCheats
Victory
Defeat
🇺🇸 Saracens · United States
1071
+15
🇲🇽 Aztecs · Mexico
1062
+16
🇲🇽 Spanish · Mexico
1054
+16
🇨🇦 Japanese · Canada
1013
+18
🇺🇸 Koreans · United States
1159
-21
🇺🇸 Wei · United States
1031
-15
🇦🇺 Franks · Australia
1027
-15
🇨🇱 Persians · Chile
1004
-14
Tachyon
3:53 Loom
11:22 Feudal Age
16:52 Castle Age
15:00 Fishing Lines
16:28 Double-Bit Axe
18:38 Bow Saw
20:45 Town Watch
20:46 Horse Collar
22:57 Gillnets
24:17 Heavy Plow
25:40 Wheelbarrow
26:45 Hand Cart
26:46 Medium Warships
30:18 Imperial Age
27:46 Gold Mining
27:50 Stone Mining
28:47 Caravan
29:05 Town Patrol
30:08 Gold Shaft Mining
31:05 Ballistics
31:03 Husbandry
31:12 Scale Barding Armor
31:17 Forging
32:24 Chemistry
31:54 Bloodlines
32:38 Chain Barding Armor
33:26 Two-Man Saw
32:50 Heavy Camel Rider
33:57 Conscription
33:54 Masonry
35:58 Plate Barding Armor
35:59 Iron Casting
36:39 Elite Cannon Galleon
38:06 Counterweights
38:07 Siege Engineers
40:11 Blast Furnace
39:02 Fletching
39:33 Light Cavalry
40:18 Padded Archer Armor
40:34 Guard Tower
40:57 Fortified Wall
41:42 Bodkin Arrow
43:36 Hussar
45:49 Keep
45:01 Arrowslits
50:06 Murder Holes
49:52 Treadmill Crane
50:10 Murder Holes
Ratchet2krox
12:16 Feudal Age
13:15 Double-Bit Axe
15:32 Castle Age
13:26 Gold Mining
14:03 Loom
14:57 Stone Mining
14:49 Horse Collar
17:10 Bow Saw
18:15 Wheelbarrow
18:45 Stone Shaft Mining
24:45 Hand Cart
31:49 Imperial Age
30:09 Forging
30:34 Heavy Plow
30:45 Padded Archer Armor
30:36 Fletching
31:26 Iron Casting
30:57 Scale Barding Armor
31:25 Inquisition
31:50 Ballistics
31:52 Leather Archer Armor
31:38 Scale Mail Armor
32:13 Bodkin Arrow
32:02 Elite Conquistador
33:03 Conscription
32:48 Husbandry
35:07 Blast Furnace
34:38 Ring Archer Armor
34:26 Bloodlines
34:42 Bracer
41:29 Chain Barding Armor
41:25 Chain Mail Armor
41:12 Squires
40:58 Gambesons
40:59 Arson
40:35 Pikeman
41:21 Thumb Ring
42:44 Caravan
43:15 Coinage
42:55 Guilds
44:41 Plate Barding Armor
44:37 Plate Mail Armor
47:30 Banking
51:25 Two-Man Saw
SHARP99
2:15 Loom
12:01 Feudal Age
12:30 Man-at-Arms
13:07 Double-Bit Axe
13:47 Arson
21:33 Castle Age
22:52 Bow Saw
24:30 Squires
23:54 Long Swordsman
24:37 Horse Collar
25:57 Gambesons
27:11 Gold Mining
27:49 Heavy Plow
35:05 Imperial Age
38:43 Gold Shaft Mining
38:50 Wheelbarrow
43:55 Imperial Age
42:06 Fishing Lines
42:47 Hand Cart
42:36 Stone Mining
45:00 Conscription
46:15 Two-Man Saw
45:02 Two-Handed Swordsman
46:20 Pikeman
46:24 Champion
48:12 Capped Ram
49:38 Scale Mail Armor
50:54 Halberdier
MadKitten 77
12:01 Feudal Age
16:36 Castle Age
16:51 Horse Collar
16:59 Double-Bit Axe
17:52 Wheelbarrow
17:03 Loom
26:04 Heavy Plow
30:30 Bow Saw
34:11 Imperial Age
31:47 Eagle Warrior
31:48 Pikeman
31:49 Man-at-Arms
32:15 Gambesons
32:30 Squires
33:12 Forging
33:02 Scale Mail Armor
34:52 Iron Casting
35:14 Conscription
35:14 Garland Wars
35:14 Chain Mail Armor
34:58 Arson
34:49 Elite Eagle Warrior
37:21 Gold Mining
38:47 Blast Furnace
38:21 Plate Mail Armor
45:24 Caravan
51:36 Crop Rotation
51:45 Gold Shaft Mining
52:41 Hand Cart
GHK TiMbO
11:14 Feudal Age
12:09 Loom
15:16 Castle Age
13:27 Horse Collar
15:14 Fletching
15:49 Crossbowman
18:54 Double-Bit Axe
23:17 Gold Mining
27:24 Wheelbarrow
27:58 Bow Saw
27:52 Heavy Plow
29:02 Bodkin Arrow
30:11 Ballistics
30:46 Thumb Ring
33:57 Imperial Age
32:13 Stone Mining
32:11 Town Watch
32:46 Hand Cart
33:59 Arbalester
34:44 Bracer
35:49 Chemistry
38:42 Two-Man Saw
40:40 Conscription
41:37 Gold Shaft Mining
41:13 Eupseong
42:04 Murder Holes
MBG
11:02 Feudal Age
12:59 Double-Bit Axe
15:38 Castle Age
15:44 Loom
16:36 Wheelbarrow
17:54 Bow Saw
22:39 Hand Cart
23:16 Horse Collar
23:54 Town Watch
32:45 Imperial Age
30:50 Light Cavalry
31:41 Bloodlines
31:48 Husbandry
32:32 Cavalier
33:21 Scale Barding Armor
33:27 Forging
33:53 Conscription
33:50 Gold Mining
34:27 Chain Barding Armor
34:05 Savar
35:31 Iron Casting
36:14 Plate Barding Armor
37:27 Blast Furnace
36:34 Hussar
50:27 Pikeman
51:31 Squires
53:26 Scale Mail Armor
SnackRapp5
9:59 Feudal Age
9:34 Loom
11:57 Double-Bit Axe
11:56 Horse Collar
14:31 Bloodlines
18:58 Wheelbarrow
19:26 Scale Barding Armor
19:33 Forging
24:02 Castle Age
25:50 Bow Saw
25:43 Heavy Plow
26:20 Husbandry
26:45 Gold Mining
26:45 Stone Mining
30:18 Chain Barding Armor
33:01 Arson
48:04 Iron Casting
47:31 Scale Mail Armor
Marak
11:13 Feudal Age
16:22 Castle Age
15:21 Double-Bit Axe
18:21 Bow Saw
22:05 Loom
33:35 Imperial Age
31:44 Wheelbarrow
32:34 Husbandry
32:46 Scale Barding Armor
32:52 Forging
32:39 Gold Mining
34:15 Chain Barding Armor
34:07 Cavalier
36:41 Gold Shaft Mining
37:13 Fortified Wall
38:45 Plate Barding Armor
38:46 Iron Casting
39:49 Chemistry
38:24 Paladin
Connection lost

Rejoining the realm…

Still unreachable

The connection could not be restored.

Session expired

The server has moved on; the page needs a fresh start.